 Dungeon Crawl Stone Soup version 0.28-a0-845-gfc338a8e3c (webtiles) character file.

Game seed: 1400605172996058653

996 tatocazan the Firebug (level 7, -15/50 HPs)
             Began as a Demonspawn Fire Elementalist on Nov 13, 2021.
             Demolished by Duvessa (24 damage)
             ... on level 4 of the Dungeon.
             The game lasted 00:15:03 (8945 turns).

tatocazan the Firebug (DsFE)                        Turns: 8945, Time: 00:15:04

Health: -15/50     AC:  2    Str:  9    XL:     7   Next: 99%
Magic:  6/13       EV: 13    Int: 18    God:
Gold:   74         SH:  5    Dex: 13    Spells: 4/14 levels left

rFire   . . .      SeeInvis .   f - +1 whip (freeze)
rCold   . . .      Faith    .   (no shield)
rNeg    . . .      Spirit   .   a - +0 robe
rPois   .          Reflect  +   (helmet restricted)
rElec   .          Harm     .   (no cloak)
rCorr   .          Rampage  .   (no gloves)
Will    +....                   (no boots)
Stlth   +++.......              t - amulet of reflection
HPRegen 0.16/turn               o - ring of willpower
MPRegen 0.13/turn               (no ring)

@: no status effects
A: claws 2, foul stench 1, horns 1, robust 1
a: no special abilities


You were on level 4 of the Dungeon.
You visited 1 branch of the dungeon, and saw 5 of its levels.

You collected 74 gold pieces.

Inventory:

Hand Weapons
 f - a +1 whip of freezing (weapon)
 p - a +3 whip
Armour
 a - a +0 robe (worn)
 l - a +0 helmet
Jewellery
 o - a ring of willpower (left claw)
 t - an amulet of reflection (around neck)
Wands
 b - a wand of flame (13)
 q - a wand of polymorph (6)
Scrolls
 e - a scroll of noise
 r - a scroll of torment
Potions
 c - a potion of haste
 d - a potion of might
 g - 2 potions of mutation
 m - 3 potions of attraction
 s - a potion of resistance


   Skills:
 + Level 3.8 Dodging
 + Level 4.1 Stealth
 + Level 4.0 Spellcasting
 + Level 3.7 Conjurations
 * Level 5.3 Fire Magic


You had 4 spell levels left.
You knew the following spells:

 Your Spells              Type           Power      Damage    Failure   Level
a - Foxfire               Conj/Fire      80%        2x1d8     2%          1
b - Scorch                Fire           44%        2d7       2%          2
c - Conjure Flame         Conj/Fire      20%        6-21      7%          3
d - Flame Wave            Conj/Fire      20%        3d6       22%         4

Your spell library contained the following spells:

 Spells                   Type           Power      Damage    Failure   Level
 Inner Flame              Hex/Fire       13%        N/A       14%         3
 Ensorcelled Hibernation  Hex/Ice        6%         N/A       22%         2
 Spider Form              Tmut/Pois      3%         N/A       41%         3


Dungeon Overview and Level Annotations

Branches:
Dungeon (5/15)
 Temple: D:4-7

Altars:
Hepliaklqana
Vehumet
Xom

Annotations:
D:4 Duvessa


Innate Abilities, Weirdness & Mutations

You have very sharp fingernails.
You may rarely emit foul miasma when damaged in melee.
You have a pair of small horns on your head.
You are robust. (+10% HP)


Message History

The spell is quite dangerous to cast (22% risk of failure)!
Continue anyway?
Casting: Flame Wave (quite dangerous; 22% risk of failure)
Press: ? - help, Dir - look around, f - activate
Okay, then.
Casting: Flame Wave (quite dangerous; 22% risk of failure)
Confirm with . or Enter, or press ? or * to list all spells.
You can't see any susceptible monsters within range! (Use Z to cast anyway.) Unknown command.
Aiming: Throw Flame
Press: ? - help, Shift-Dir - straight line, f - Duvessa
Aim: Duvessa, wielding a +0 rapier, wearing a +0 leather armour and carrying a wand of polymorph (6) (berserk, 72% to hit)
The puff of flame misses Duvessa.
Casting: Flame Wave (quite dangerous; 22% risk of failure)
Confirm with . or Enter, or press ? or * to list all spells.
The spell is quite dangerous to cast (22% risk of failure)!
Continue anyway?
Casting: Flame Wave (quite dangerous; 22% risk of failure)
Press: ? - help, Dir - look around, f - activate A wave of flame ripples out! (Press . to intensify the flame waves.) Duvessa rages.
You now have 9/13 mp.
Casting: Flame Wave (quite dangerous; 22% risk of failure)
Confirm with . or Enter, or press ? or * to list all spells.
The spell is quite dangerous to cast (22% risk of failure)!
Continue anyway?
Restarting spell: Flame Wave (quite dangerous; 22% risk of failure)
Press: ? - help, Dir - look around, f - activate A wave of flame ripples out!
The flame wave engulfs Duvessa!
Duvessa is moderately wounded. (Press . to intensify the flame waves.) Duvessa hits you with a +0 rapier!!
You block Duvessa's attack.
You take 20 damage, and have 30/50 hp.
MASSIVE DAMAGE!!
You now have 5/13 mp.
Okay, then.
Duvessa rages.
Duvessa barely misses you. Duvessa hits you with a +0 rapier!!
* * * LOW HITPOINT WARNING * * *
There is an open door, spattered with blood here.
You take 22 damage, and have 8/50 hp.
MASSIVE DAMAGE!!
Duvessa hits you with a +0 rapier!!
You die...

##############
#..^..........
#.###########. #.# #.
#.# #. #####.# #.
#.....# #. ####.#####
#. #...@## #######.
#.##e.########.......
#+###'#....5...#####.
#.....#.######.......
#.♣♣♣.#.# #.####..
###.....#.# #.####.5
#.+.._..+.# #....<..
#.#.....#.# #..###..
####.#.♣♣♣.#)# #..#
#..


You could see Duvessa (berserk).

Vanquished Creatures
  Pikel (D:4)
  Grinder (D:4)
  Menkaure (D:4)
  A lemure (D:4)
  Dowan (D:4)
  A bullfrog skeleton (D:3)
  Jessica (D:2)
  An iguana (D:4)
  Robin (D:3)
  3 adders
  2 worms (D:1)
  A dart slug (D:3)
  3 orcs
  3 ball pythons
  3 endoplasms
  2 giant cockroaches
  13 goblins
  6 hobgoblins
  6 jackals
  5 kobolds
  2 quokkas
  6 bats
  2 frilled lizards
  5 rats
71 creatures vanquished.

Vanquished Creatures (others)
  120 foxfires
  2 plants (D:4)
122 creatures vanquished.

Grand Total: 193 creatures vanquished

Notes
Turn   | Place    | Note
-------+----------+-------------------------------------------
     0 | D:1      | tatocazan the Demonspawn Fire Elementalist began the quest
                  | for the Orb.
     0 | D:1      | Reached XP level 1. HP: 13/13 MP: 3/3
   279 | D:1      | Found a faded altar of an unknown god.
   600 | D:1      | Gained mutation: You have sharp fingernails. [demonic
                  | ancestry]
   600 | D:1      | Reached XP level 2. HP: 19/19 MP: 3/5
  1896 | D:2      | Learned a level 2 spell: Scorch
  2432 | D:2      | Reached XP level 3. HP: 19/24 MP: 0/6
  2497 | D:2      | Learned a level 3 spell: Conjure Flame
  3082 | D:2      | Reached skill level 3 in Fire Magic
  3206 | D:2      | Noticed Jessica
  3208 | D:2      | Killed Jessica
  3656 | D:3      | Gained mutation: You have very sharp fingernails. [demonic
                  | ancestry]
  3656 | D:3      | Reached XP level 4. HP: 30/30 MP: 4/7
  4393 | D:3      | Noticed Robin
  4698 | D:3      | Killed Robin
  4907 | D:3      | Gained mutation: You may rarely emit foul miasma when
                  | damaged in melee. [demonic ancestry]
  4907 | D:3      | Reached XP level 5. HP: 21/35 MP: 9/9
  5745 | D:4      | Found a hazy altar of Hepliaklqana.
  5987 | D:4      | Noticed Grinder
  6111 | D:4      | Noticed Menkaure
  6115 | D:4      | Killed Menkaure
  6116 | D:4      | Reached XP level 6. HP: 41/41 MP: 1/10
  6341 | D:4      | Found a radiant altar of Vehumet.
  6341 | D:4      | Noticed Pikel
  6679 | D:5      | Entered Level 5 of the Dungeon
  7102 | D:4      | Paralysed by Grinder for 5 turns
  7108 | D:4      | Killed Grinder
  7109 | D:4      | Reached skill level 4 in Fire Magic
  7529 | D:4      | Found a shimmering altar of Xom.
  7530 | D:4      | Found a shimmering altar of Xom.
  7533 | D:4      | Found a shimmering altar of Xom.
  7533 | D:4      | Found a shimmering altar of Xom.
  7889 | D:4      | Gained mutation: You are robust. (+10% HP) [potion of
                  | mutation]
  7889 | D:4      | Gained mutation: You have a pair of small horns on your
                  | head. [potion of mutation]
  7916 | D:4      | Killed Pikel
  7917 | D:4      | Reached skill level 5 in Fire Magic
  7917 | D:4      | Reached XP level 7. HP: 38/50 MP: 1/13
  8362 | D:4      | Noticed Dowan
  8363 | D:4      | Noticed Duvessa
  8668 | D:4      | Learned a level 4 spell: Flame Wave
  8833 | D:4      | Killed Dowan
  8945 | D:4      | Demolished by Duvessa

Illustrated notes

Levels and vault maps discovered:
D:1:      zelgadis_glass_arrival_small, layout_basic,
          dreamdust_ecumenical_altar_grove, minmay_tripent
D:2:      layout_basic, uniq_jessica
D:3:      layout_basic, minmay_misc_feat_x, minmay_tree_intersection, uniq_robin
D:4:      layout_loops_ring, nicolae_hepliaklqana_hazy_memory, xom_redecorated,
          mainiacjoe_overflow_six_doors_small, uniq_duvessa, uniq_grinder,
          uniq_pikel, uniq_menkaure
D:5:      layout_loops_ring, nicolae_tso_besieged_by_evil

Skill      XL: |  1  2  3  4  5  6 |
---------------+-------------------+-----
Stealth        | 2 3 4 |  4.1
Dodging        | 2 3 |  3.8
Fire Magic     | 3 5 |  5.3
Conjurations   | 2 3 |  3.7
Spellcasting   | 3 4 |  4.0

Action                   |  1- 3 |  4- 6 |  7- 9 || total
-------------------------+-------+-------+-------++-------
Melee: Unarmed           |    21 |     2 |       ||    23
       Whip              |       |    47 |    25 ||    72
       Headbutt          |       |       |     3 ||     3
 Cast: Foxfire           |    64 |    26 |       ||    90
       Scorch            |     6 |    33 |     3 ||    42
       Conjure Flame     |       |     4 |       ||     4
       Flame Wave        |       |       |     2 ||     2
Evoke: Wand              |       |     1 |     1 ||     2
  Use: Scroll            |       |     8 |       ||     8
       Potion            |       |     7 |       ||     7
 Stab: Sleeping          |       |     1 |     2 ||     3
Armor: Robe              |    17 |     4 |     3 ||    24
       Skin              |       |    12 |       ||    12
Dodge: Dodged            |    37 |    59 |    21 ||   117
Block: Other             |       |     7 |     5 ||    12

Table legend: (Time is in decaauts)
 A = Elapsed time spent in this place.
 B = Non-inter-level travel time spent in this place.
 C = Inter-level travel time spent in this place.
 D = Time resting spent in this place.
 E = Time spent auto-exploring this place.
 F = Levels seen in this place.
 G = Mean time per level.
                   A        B        C        D        E       F      G
               +--------+--------+--------+--------+--------+-----+--------+
         Total |   8939 |   8765 |    174 |   4113 |   3433 |   5 | 1787.8 |
       Dungeon |   8939 |   8765 |    174 |   4113 |   3433 |   5 | 1787.8 |
               +--------+--------+--------+--------+--------+-----+--------+

Top non-repeatable levels by time:
     D:3: 2533 daAuts
     D:4: 2362 daAuts
     D:1: 2009 daAuts
     D:2: 1615 daAuts
     D:5: 418 daAuts
